 Dungeon Crawl Stone Soup version 0.18.1-50-g88ac8fd (webtiles) character file.

25 ololoev the Magician (level 2, 0/15 HPs)
             Began as a Deep Elf Fire Elementalist on Dec 7, 2016.
             Slain by a gnoll (8 damage)
             ... on level 2 of the Dungeon.
             The game lasted 00:01:51 (206 turns).

ololoev the Magician (Deep Elf Fire Elementalist)    Turns: 206, Time: 00:01:52

Health: 0/15       AC:  2    Str:  5    XL:     2   Next: 82%
Magic:  1/8        EV: 13    Int: 19    God:
Gold:   21         SH:  0    Dex: 15    Spells: 1 memorised, 7 levels left

rFire  . . .     SeeInvis .     b - book of Flames
rCold  . . .     Gourm    .     a - +0 robe
rNeg   . . .     Faith    .     (no shield)
rPois  .         Spirit   .     (no helmet)
rElec  .         Dismiss  .     (no cloak)
rCorr  .         Reflect  .     (no gloves)
SustAt .         Harm     .     (no boots)
MR     .....                    (no amulet)
Stlth  ++........               (no ring)
                                (no ring)

@: not resistant to hostile enchantments, unstealthy
A: no striking features
a: no special abilities

Inventory:

Armour
 a - a +0 robe (worn)
Scrolls
 d - a scroll of blinking {unknown}
 f - a scroll of identify {unknown}
 h - a scroll of immolation {unknown}
Potions
 e - 2 potions of curing {unknown}
 g - 2 potions of lignification {unknown}
Books
 b - a book of Flames (in hand)

   Spells                             Type                      Level
   a - Flame Tongue                   Conjuration/Fire             1
   b - Throw Flame                    Conjuration/Fire             2
   c - Conjure Flame                  Conjuration/Fire             3
   d - Inner Flame                    Hexes/Fire                   3
   e - Sticky Flame                   Conjuration/Fire             4
   f - Fireball                       Conjuration/Fire             5
Comestibles
 c - 2 bread rations


   Skills:
 - Level 2.4 Dodging
 - Level 2.4 Stealth
 + Level 3.7 Spellcasting
 + Level 2.0 Conjurations
 + Level 3.6 Fire Magic


You had 7 spell levels left.
You knew the following spells:

 Your Spells              Type           Power        Failure   Level  Hunger
a - Flame Tongue          Conj/Fire      ##...        6%          1    None


You were on level 2 of the Dungeon.
You were not hungry.

You visited 1 branch of the dungeon, and saw 2 of its levels.

You collected 21 gold pieces.

#. #. ###.## #. .
#....# #.#. #....# #...
####.†..# #..#
#.......# .#####..###
##.##....# ..........#
###<.##....#
###....#.###...########
#..##@#.....###
#..##g##.....#
..##.#..###...# ##
#.##...## ##.... #.
#.#...## .....
###.#####....## ....
...........#.# ...
#.....(##..# ..#
#####......###.#

Notes
Turn   | Place    | Note
--------------------------------------------------------------
     0 | D:1      | ololoev the Deep Elf Fire Elementalist began the quest for the Orb.
     0 | D:1      | Reached XP level 1. HP: 10/10 MP: 6/6
   104 | D:1      | ReniFell: opyat' za staroe!
   109 | D:1      | Reached XP level 2. HP: 9/15 MP: 0/8
   135 | D:1      | ReniFell: ee zaebal uje?
   161 | D:2      | ololoev: starogo pesa novim fokusam ne viuchush
   161 | D:2      | ololoev: net poka
   161 | D:2      | ololoev: sps chto bespokoishsya
   206 | D:2      | Slain by a gnoll

Dungeon Overview and Level Annotations

Branches:
Dungeon (2/15)

Altars:


Message History

e - 2 brown potions (gained 1)
h - a scroll labeled KUDIRO UPSOCH You now have 21 gold pieces (gained 9).
(D) Dungeon
Where to? (? - help)
There is a stone staircase leading down here.
You climb downwards.
The hobgoblin is too close now for your liking.
There is a stone staircase leading up here.
Casting: Flame Tongue
Confirm with . or Enter, or press ? or * to list all spells.
Aiming: Flame Tongue
Press: ? - help, Shift-Dir - straight line, f - hobgoblin
Aim: a hobgoblin (resting)
The flame tongue hits the hobgoblin.
You kill the hobgoblin!
A giant newt and a gnoll come into view.
A gnoll comes into view.
The gnoll shouts!
The gnoll moves out of view. x2
Casting: Flame Tongue
Confirm with . or Enter, or press ? or * to list all spells.
Aiming: Flame Tongue
Press: ? - help, Shift-Dir - straight line, f - giant newt
Aim: a giant newt (hasn't noticed you)
The flame tongue misses the giant newt.
You hear a shout!
A gnoll comes into view.
A gnoll comes into view. It is wielding a flail.
The gnoll moves out of view.
Casting: Flame Tongue
Confirm with . or Enter, or press ? or * to list all spells.
Aiming: Flame Tongue
Press: ? - help, Shift-Dir - straight line, f/p - giant newt
Aim: a giant newt The flame tongue hits the giant newt.
You kill the giant newt!
Casting: Flame Tongue
Confirm with . or Enter, or press ? or * to list all spells.
Aiming: Flame Tongue
Press: ? - help, Shift-Dir - straight line, f - gnoll
Aim: a gnoll The flame tongue hits the gnoll.
The gnoll is severely wounded.
Casting: Flame Tongue
Confirm with . or Enter, or press ? or * to list all spells.
Aiming: Flame Tongue
Press: ? - help, Shift-Dir - straight line, f/p - gnoll
Aim: a gnoll (severely wounded)
The flame tongue hits the gnoll.
You kill the gnoll!
Your Conjurations skill increases to level 2!
Casting: Flame Tongue
Confirm with . or Enter, or press ? or * to list all spells.
Aiming: Flame Tongue
Press: ? - help, Shift-Dir - straight line, f - gnoll
Aim: a gnoll You miscast Flame Tongue.
You are very lightly contaminated with residual magic.
You have a brief vision of globes of primordial fire.
The gnoll hits you.
Casting: Flame Tongue
Confirm with . or Enter, or press ? or * to list all spells.
Aiming: Flame Tongue
Press: ? - help, Shift-Dir - straight line, f/p - gnoll
Aim: a gnoll The flame tongue hits the gnoll.
The gnoll appears unharmed.
The gnoll barely misses you.
There is a stone staircase leading up here.
Your magical contamination has completely faded away.
Casting: Flame Tongue
Confirm with . or Enter, or press ? or * to list all spells.
Aiming: Flame Tongue
Press: ? - help, Shift-Dir - straight line, f/p - gnoll
Aim: a gnoll The flame tongue hits the gnoll.
The gnoll is heavily wounded.
The gnoll hits you!
Ouch! That really hurt!
You die...

You could see a gnoll.

Vanquished Creatures
  A gnoll (D:2)
  An ooze (D:1)
  A dart slug (D:1)
  2 goblins
  2 hobgoblins
  A kobold (D:1)
  A giant newt (D:2)
9 creatures vanquished.

Action                   || total
-------------------------++-------
 Cast: Flame Tongue      ||    18
Dodge: Dodged            ||     6

Vault maps used:
D:1:      sevenhm_arrival_forest_fort_large_2
D:2:      first_bread, grunt_dithmenos_smoke_and_mirrors
